 Dungeon Crawl Stone Soup version 0.30-a0-1074-g5db6f66fbb (webtiles) character file.

Game seed: 4368527759070616872

6264 jimonade the Skirmisher (level 11, -1/84 HPs)
             Began as a Formicid Hunter on Apr 14, 2023.
             Was a Follower of Cheibriados.
             Slain by a vampire mosquito (8 damage)
             ... on level 9 of the Dungeon.
             The game lasted 00:20:30 (8385 turns).

jimonade the Skirmisher (Formicid Hunter)           Turns: 8385, Time: 00:20:31

Health: -1/84      AC:  8    Str: 20    XL:     11   Next: 15%
Magic:  17/17      EV: 13    Int: 18    God:    Cheibriados [*.....]
Gold:   463        SH:  5    Dex: 23    Spells: 18/18 levels left

rFire   + . .      SeeInvis +    b - +3 short sword (venom)
rCold   . . .      Faith    .    v - +0 buckler of Hygesaezo {rF+ Str+3}
rNeg    + . .      Spirit   .    f - +0 ring mail
rPois   .          Reflect  .    (helmet unavailable)
rElec   .          Rampage  .    w - +0 cloak
rCorr   .                        z - +0 pair of gloves
Will    +....                    (no boots)
Stlth   ++                       H - amulet of magic regeneration
HPRegen 0.34/turn                G - +6 ring of intelligence
MPRegen 0.55/turn                l - ring of positive energy

@: very slow
A: permanent stasis, dig shafts and tunnels, antennae 3, four strong arms
a: Dig, Shaft Self, Renounce Religion, Bend Time


You were on level 9 of the Dungeon.
You worshipped Cheibriados.
Cheibriados was aware of your devotion.
You visited 2 branches of the dungeon, and saw 11 of its levels.

You collected 463 gold pieces.

Inventory:

Hand Weapons
 a - the +10 sling of Ryelo {heavy, Dex+3}
   (You found it on level 5 of the Dungeon)

   Dex:       It affects your dexterity (+3).
 b - a +3 short sword of venom (weapon)
 e - a +0 long sword
 k - a +0 quarterstaff
 q - a +3 whip of electrocution
 y - a +0 shortbow
 D - a +0 demon trident
 K - a +3 short sword of holy wrath
 L - a +0 heavy shortbow
Missiles
 d - 46 poisoned darts
 n - a throwing net
Armour
 c - a +0 leather armour
 f - a +0 ring mail (worn)
 v - the +0 buckler of Hygesaezo (worn) {rF+ Str+3}
   (You found it on level 8 of the Dungeon)

   Str:       It affects your strength (+3).
   rF:        It protects you from fire.
 w - a +0 cloak (worn)
 z - a +0 pair of gloves (worn)
Magical Staves
 A - a staff of air
 M - a staff of fire
Jewellery
 l - a ring of positive energy (right hand)
 m - a ring of positive energy
 G - a +6 ring of intelligence (left hand)
 H - an amulet of magic regeneration (around neck)
Wands
 g - a wand of flame (29)
Scrolls
 o - 3 scrolls of amnesia {unknown}
 p - 2 scrolls of immolation
 t - a scroll of poison
 u - 4 scrolls of enchant weapon
 x - a scroll of fog
Potions
 h - 2 potions of brilliance
 i - 4 potions of might
 j - a potion of heal wounds {unknown}
 r - 2 potions of ambrosia
 s - 4 potions of magic
 B - 2 potions of invisibility
 C - 2 potions of attraction
 E - a potion of lignification {unknown}
 F - 3 potions of curing
 I - 3 potions of mutation {unknown}
 J - a potion of flight {unknown}


   Skills:
 + Level 7.2 Fighting
 + Level 0.1(0.2) Short Blades
 + Level 0.1(0.2) Long Blades
 + Level 12.2 Ranged Weapons
 + Level 5.8 Armour
 + Level 3.4 Dodging
 + Level 3.0 Stealth
 + Level 1.3 Shields
 * Level 4.3 Spellcasting
 * Level 4.9 Earth Magic


You had 18 spell levels left.
You didn't know any spells.
Your spell library contained the following spells:

 Spells                   Type           Power      Damage    Failure   Level
 Shock                    Conj/Air       12%        1d3       28%         1
 Sublimation of Blood     Necr           3%         N/A       38%         2
 Leda's Liquefaction      Hex/Erth       6%         N/A       69%         4
 Petrify                  Tmut/Erth      12%        N/A       69%         4
 Lee's Rapid Deconstruct  Erth           10%        3d8*      71%         5
 Airstrike                Air            1%         2d(1-17)  95%         4
 Blade Hands              Tmut           1%         N/A       100%        5
 Irradiate                Conj/Tmut      1%         3d12      100%        5
 Statue Form              Tmut/Erth      8%         N/A       100%        6
 Dragon Form              Tmut           1%         N/A       100%        7
 Swiftness                Air            Unusable   N/A       N/A         3

Dungeon Overview and Level Annotations

Branches:
Dungeon (10/15)            Temple (1/1) D:5            Lair (0/5) D:8
    Orc: D:9-12

Altars:
Ashenzari
Cheibriados
Dithmenos
Elyvilon
Fedhas
Gozag
Hepliaklqana
Kikubaaqudgha
Makhleb
Nemelex Xobeh
Okawaru
Qazlal
Ru
Sif Muna
Trog
Uskayaw
Vehumet
Wu Jian
Xom
Zin
The Shining One

Shops:
D:3 (   D:4 [   D:10 ?

Annotations:
D:3 exclusion: downstairs


Innate Abilities, Weirdness & Mutations

You cannot be hasted, slowed, berserked, paralysed or teleported.
You can dig through walls and to a lower floor.
You have a pair of large antennae on your head. (SInv)
Your four strong arms can wield two-handed weapons with a shield.


Message History

* * * LOW HITPOINT WARNING * * *
The vampire mosquito bites you!
* * * LOW HITPOINT WARNING * * *
The vampire mosquito draws strength from your injuries!
You're too confused to move!
The vampire mosquito bites you but does no damage.
The vampire mosquito closely misses you.
You completely miss the vampire mosquito.
The vampire mosquito is lightly damaged.
The vampire mosquito barely misses you. x2
You're too confused to move!
You feel less invigorated.
You feel less confused. The vampire mosquito bites you.
* * * LOW HITPOINT WARNING * * *
The vampire mosquito closely misses you.
You closely miss the vampire mosquito.
The vampire mosquito is lightly damaged.
The vampire mosquito barely misses you. The vampire mosquito bites you.
* * * LOW HITPOINT WARNING * * *
The vampire mosquito draws strength from your injuries!
You closely miss the vampire mosquito.
The vampire mosquito is lightly damaged.
The vampire mosquito closely misses you.
The vampire mosquito bites you.
* * * LOW HITPOINT WARNING * * *
The vampire mosquito draws strength from your injuries!
You hit the vampire mosquito.
The vampire mosquito is lightly damaged.
The vampire mosquito bites you.
* * * LOW HITPOINT WARNING * * *
The vampire mosquito draws strength from your injuries!
The vampire mosquito bites you but does no damage.
You hit the vampire mosquito.
The vampire mosquito is moderately damaged.
The vampire mosquito closely misses you.
The vampire mosquito bites you but does no damage.
You hit the vampire mosquito.
The vampire mosquito is moderately damaged.
The vampire mosquito bites you!
You die...

..≈≈.≈≈.# #.≈≈.≈≈.##
..≈≈_≈≈.?# ..≈≈≈≈≈..# {
...≈≈≈.$.# .........#
....###..# ... #y## #
#@# ##.##########.## .#
#..............#
.###..............#
.##...............#
..#...............#
..#...............#####
..#...............'...#
.............(....###.#


You could see a vampire mosquito.

Vanquished Creatures
  Joseph (D:8)
  A hornet (D:8)
  10 yaks
  2 wyverns
  A basilisk (D:8)
  2 steam dragons
  A vampire mosquito (D:9)
  An acid dragon (D:9)
  Duvessa (D:7)
  2 orc warriors
  3 black bears
  3 ogres
  3 centaurs
  A phantom (D:4)
  A kobold brigand (D:8)
  3 bullfrogs
  A gnoll sergeant (D:7)
  3 scorpions
  4 wights (D:9)
  Dowan (D:7)
  8 killer bees
  5 howler monkeys (D:9)
  4 crimson imps (D:6)
  3 hounds
  2 gnoll boudas
  3 orc priests
  2 sleepcaps
  4 iguanas
  9 orc wizards
  5 adders
  17 gnolls
  A shadow imp (D:7)
  2 white imps
  An ufetubus (D:6)
  A worm (D:5)
  A dart slug (D:1)
  34 orcs
  8 ball pythons
  3 bats
  6 endoplasms
  14 giant cockroaches
  11 goblins
  11 hobgoblins
  2 jackals (D:4)
  5 quokkas
  3 frilled lizards
  9 kobolds
  7 rats
226 creatures vanquished.

Notes
Turn   | Place    | Note
-------+----------+-------------------------------------------
     0 | D:1      | jimonade the Formicid Hunter began the quest for the Orb.
     0 | D:1      | Reached XP level 1. HP: 16/16 MP: 1/1
   339 | D:1      | Reached XP level 2. HP: 20/22 MP: 2/2
   633 | D:1      | Reached XP level 3. HP: 28/28 MP: 3/3
  1124 | D:2      | Reached skill level 5 in Ranged Weapons
  1124 | D:2      | Reached XP level 4. HP: 33/34 MP: 4/4
  1923 | D:2      | Reached XP level 5. HP: 16/39 MP: 5/5
  2227 | D:3      | Reached skill level 6 in Ranged Weapons
  2465 | D:3      | Reached skill level 1 in Armour
  2491 | D:3      | Found Cuupebb's Antique Weapon Emporium.
  2881 | D:4      | Reached XP level 6. HP: 46/46 MP: 6/6
  3021 | D:4      | Reached skill level 7 in Ranged Weapons
  3021 | D:4      | Reached XP level 7. HP: 40/52 MP: 7/7
  3111 | D:4      | Found an opulent altar of Gozag.
  3377 | D:4      | Found Bongiphi's Antique Armour Boutique.
  3597 | D:5      | Entered Level 5 of the Dungeon
  3730 | D:5      | Found a staircase to the Ecumenical Temple.
  3750 | Temple   | Entered the Ecumenical Temple
  3846 | D:5      | Reached XP level 8. HP: 60/60 MP: 8/8
  3886 | D:5      | Reached skill level 8 in Ranged Weapons
  4766 | D:5      | Identified the +10 sling of Ryelo {heavy, Dex+3}
  5045 | D:6      | Reached skill level 9 in Ranged Weapons
  5268 | D:6      | Found a shimmering altar of Xom.
  5554 | D:6      | Reached XP level 9. HP: 67/67 MP: 9/9
  5875 | D:7      | Noticed Dowan
  5876 | D:7      | Noticed Duvessa
  5884 | D:7      | Killed Duvessa
  5885 | D:7      | Reached skill level 5 in Fighting
  5885 | D:7      | Reached skill level 10 in Ranged Weapons
  5889 | D:7      | Killed Dowan
  6102 | D:7      | Found a broken altar of Ashenzari.
  6298 | D:7      | Reached skill level 1 in Earth Magic
  6393 | D:7      | Reached skill level 1 in Spellcasting
  6734 | D:8      | Reached XP level 10. HP: 64/76 MP: 10/12
  6735 | D:8      | Reached skill level 11 in Ranged Weapons
  6742 | D:8      | Reached skill level 5 in Armour
  6874 | D:8      | Noticed Joseph
  6882 | D:8      | Killed Joseph
  6889 | D:8      | Identified the +0 buckler of Hygesaezo {rF+ Str+3}
  6980 | D:8      | Found a sparkling altar of Nemelex Xobeh.
  7254 | D:8      | Found a staircase to the Lair.
  7266 | D:8      | Reached skill level 1 in Shields
  7407 | D:8      | You fall into a shaft and drop 2 floors!
  7407 | D:10     | Entered Level 10 of the Dungeon
  7600 | D:10     | Found a snail-covered altar of Cheibriados.
  7608 | D:10     | Became a worshipper of Cheibriados the Contemplative
  7642 | D:10     | Found Attaa's Magic Scroll Shop.
  7664 | D:10     | Found a shadowy altar of Dithmenos.
  7881 | D:10     | Reached skill level 12 in Ranged Weapons
  7989 | D:9      | Reached XP level 11. HP: 84/84 MP: 16/16
  8006 | D:9      | Reached * piety under Cheibriados
  8355 | D:9      | Found an ornate altar of the Wu Jian Council.
  8373 | D:9      | HP: 4/84 [vampire mosquito (3)]
  8385 | D:9      | Slain by a vampire mosquito

Illustrated notes

Levels and vault maps discovered:
D:1:      minmay_arrival_widening_spiral_wide, layout_loops_corners
D:2:      cheibrodos_greedy_goblins, layout_basic,
          chequers_serial_rivers_micro_e
D:3:      minmay_roachtagon, layout_loops_ring, serial_shops, shop
D:4:      layout_rooms, nicolae_gozag_seed_capital, serial_shops, shop,
          lightli_minifort
D:5:      layout_basic, minmay_temple_entry_slanted
D:6:      layout_basic, led_xom_imps
D:7:      nicolae_cairo_tiling_very_big, layout_basic, ashenzari_altar_1,
          uniq_duvessa
D:8:      layout_cave_pods, nemelex_xobeh_ov_fountains_minmay,
          david_lair_generic, minmay_between, uniq_joseph
D:9:      layout_basic, mainiacjoe_overflow_catwalk
D:10:     layout_loops_corners, mainiacjoe_overflow_24_doors,
          grunt_dithmenos_smoke, yredelemnul_altar_generic, orc_0_dummy,
          hellmonk_ghost_big_iron, serial_shops, nicolae_shop_hallway_stairs,
          nicolae_shop_gadgets
Temple:   nicolae_temple_ecumenical_triangle

Skill      XL: |  1  2  3  4  5  6  7  8  9 10 11 |
---------------+----------------------------------+-----
Ranged Weapons | 5 6 7 9 10 12 | 12.2
Dodging        | 2 3 |  3.4
Armour         | 1 2 3 4 5 |  5.8
Fighting       | 3 4 6 7 |  7.2
Stealth        | 2 3 |  3.0
Earth Magic    | 2 4 |  4.9
Spellcasting   | 1 3 4 |  4.3
Shields        | 1 |  1.3
Short Blades   | |  0.1
Long Blades    | |  0.1

Action                     |  1- 3 |  4- 6 |  7- 9 | 10-12 || total
---------------------------+-------+-------+-------+-------++-------
  Melee: Falchion          |       |     2 |       |       ||     2
         Short sword       |       |     5 |    25 |     7 ||    37
   Fire: Shortbow          |    69 |   159 |    89 |       ||   317
         Sling             |       |       |   144 |   157 ||   301
    Use: Scroll            |       |       |    17 |       ||    17
         Potion            |       |       |       |     1 ||     1
 Armour: Ring mail         |    11 |    61 |    43 |    46 ||   161
  Dodge: Dodged            |    11 |    75 |    63 |    90 ||   239
  Block: Buckler           |       |       |     2 |    31 ||    33

Table legend: (Time is in decaauts)
 A = Elapsed time spent in this place.
 B = Non-inter-level travel time spent in this place.
 C = Inter-level travel time spent in this place.
 D = Time resting spent in this place.
 E = Time spent auto-exploring this place.
 F = Levels seen in this place.
 G = Mean time per level.
                   A        B        C        D        E       F      G
               +--------+--------+--------+--------+--------+-----+--------+
         Total |   8772 |   8429 |    343 |    604 |   5384 |  11 |  797.5 |
       Dungeon |   8718 |   8388 |    330 |    604 |   5350 |  10 |  871.8 |
        Temple |     54 |     41 |     13 |      0 |     34 |   1 |   54.0 |
               +--------+--------+--------+--------+--------+-----+--------+

Top non-repeatable levels by time:
     D:5: 1315 daAuts
     D:2: 1082 daAuts
     D:1: 1023 daAuts
     D:3: 956 daAuts
     D:7: 917 daAuts
     D:6: 874 daAuts
     D:8: 730 daAuts
     D:4: 641 daAuts
    D:10: 594 daAuts
     D:9: 580 daAuts
  Temple: 54 daAuts
